 Dungeon Crawl Stone Soup version 0.29-a0-469-gd254ca66d9 (webtiles) character file.

Game seed: 13831432286372369390

78253 Bruhh the Stormcaller (level 15, -1/184 HPs)
             Began as a Barachi Air Elementalist on May 22, 2022.
             Was a Believer of Ashenzari.
             Slain by a mana viper (15 damage)
             ... on level 1 of the Snake Pit.
             The game lasted 01:24:30 (46199 turns).

Bruhh the Stormcaller (Barachi Air Elementalist)   Turns: 46199, Time: 01:24:32

Health: -1/184     AC: 27    Str: 11    XL:     15   Next: 59%
Magic:  0/40       EV: -1    Int: 21    God:    Ashenzari [**....]
Gold:   1337       SH:  0    Dex: 14    Spells: 0/39 levels left

rFire   + . .      SeeInvis +   E - +9 falchion "Worm" {vorpal, rF++ Will+ Str+4}
rCold   + + .      Faith    .   X - +2 kite shield
rNeg    . . .      Spirit   .   (body armour currently unavailable)
rPois   +          Reflect  .   (helmet currently unavailable)
rElec   .          Harm     .   (cloak currently unavailable)
rCorr   .          Rampage  .   (gloves currently unavailable)
Will    ++...      NoTele   +   (boots currently unavailable)
Stlth   +.........              N - amulet of regeneration
HPRegen 1.20/turn               j - ring of Ihoivyz {rPois rF- rC++ MP+9 Str-3}
MPRegen 0.27/turn               z - ring of the Visionary Pleiades {Wiz, Elem, Bglg} (curse)

@: confused, tree-form, ambrosia-drunk, unable to hop, constricted
A: stationary, stasis, torment immunity, boosted hp, (amphibious), (slowness 1),
(strong legs 2), +LOS
a: Renounce Religion, Curse Item, Shatter the Chains


You were on level 1 of the Snake Pit.
You worshipped Ashenzari.
Ashenzari was pleased with you.
You were a tree.
You visited 5 branches of the dungeon, and saw 21 of its levels.
You also visited: Ossuary.

You collected 2981 gold pieces.
You spent 1644 gold pieces at shops.

Inventory:

Hand Weapons
 e - a +0 whip of freezing
 p - a +0 halberd of freezing
 E - the +9 falchion "Worm" (weapon) {vorpal, rF++ Will+ Str+4}
   (You bought it in a shop on level 2 of the Orcish Mines)

   It inflicts extra damage upon your enemies.
   Str:       It affects your strength (+4).
   rF:        It greatly protects you from fire.
   Will:      It increases your willpower.
Missiles
 U - 5 throwing nets
Armour
 a - a +0 troll leather armour (melded)
 b - the cursed +1 hat "Thunder Perfect Mind" (melded) {Int+3, Fort, Self}
   (You took it off Gastronok on level 3 of the Lair of Beasts)

   It has a curse which improves the following skills: Fortitude: Armour and
   Shields.
   Introspection: Fighting and Spellcasting.
 s - the cursed +0 pair of gloves of the Enlightened Omen (melded) {Alch, Bglg}
   (You found it on level 5 of the Dungeon)

   It has a curse which improves the following skills: Alchemy: Poison Magic and
   Transmutations.
   Beguiling: Conjurations, Hexes and Translocations.
 A - a +0 cloak of willpower (melded)
 Q - a +0 cloak
 R - the cursed +0 pair of boots of the Bound Regret (melded) {Fort, Self}
   (You found it on level 10 of the Dungeon)

   It has a curse which improves the following skills: Fortitude: Armour and
   Shields.
   Introspection: Fighting and Spellcasting.
 X - a +2 kite shield (worn)
Magical Staves
 m - a staff of air
Jewellery
 j - the ring of Ihoivyz (left branch) {rPois rF- rC++ MP+9 Str-3}
   (You found it on level 6 of the Lair of Beasts)

   [ring of magical power]

   Str:       It affects your strength (-3).
   rF:        It makes you vulnerable to fire.
   rC:        It greatly protects you from cold.
   rPois:     It protects you from poison.
   MP:        It affects your magic capacity (+9).
 t - a ring of protection from cold
 z - the cursed ring of the Visionary Pleiades (right branch) {Wiz, Elem, Bglg}
   (You found it on level 3 of the Dungeon)

   [ring of wizardry]

   It improves your spell success rate.
   It has a curse which improves the following skills: Elements: Fire Magic, Ice
   Magic, Air Magic and Earth Magic.
   Beguiling: Conjurations, Hexes and Translocations.
 F - a +4 ring of protection
 N - an amulet of regeneration (around neck)
Wands
 y - a wand of digging (5)
 B - a wand of flame (45)
 C - a wand of polymorph (15)
 M - a wand of charming (6)
 S - a wand of iceblast (19)
 T - a wand of acid (13)
 Y - a wand of paralysis (3)
Scrolls
 c - 2 scrolls of poison
 d - 7 scrolls of teleportation
 f - 6 scrolls of fog
 i - 5 scrolls of brand weapon
 k - 2 scrolls of amnesia
 n - a scroll of fear
 o - 5 scrolls of magic mapping
 r - 2 scrolls of enchant weapon
 v - 4 scrolls of vulnerability
 H - 3 scrolls of torment
 J - 5 scrolls of enchant armour
 O - a scroll of silence
Potions
 g - 3 potions of lignification
 h - 2 potions of mutation
 l - 5 potions of flight
 q - 3 potions of curing
 u - 2 potions of haste
 w - a potion of brilliance
 x - 3 potions of might
 D - a potion of berserk rage
 K - 2 potions of cancellation
 L - 3 potions of invisibility
 V - 9 potions of ambrosia


   Skills:
 - Level 13.1 Fighting
 + Level 5.0 Long Blades
 - Level 8.0 Armour
 - Level 2.1 Dodging
 - Level 1.7 Stealth
 + Level 6.4 Shields
 - Level 12.6 Spellcasting
 - Level 13.2(14.3) Conjurations
 - Level 4.6(5.8) Fire Magic
 - Level 4.5(5.7) Ice Magic
 - Level 15.2(16.3) Air Magic
 - Level 5.0 Poison Magic
 - Level 1.6 Evocations


You couldn't memorise any spells.
You knew the following spells:

 Your Spells              Type           Power      Damage    Failure   Level
a - Shock                 Conj/Air       100%       1d9       0%          1
b - Static Discharge      Conj/Air       67%        N/A       1%          2
c - Mephitic Cloud        Conj/Pois/Air  59%        N/A       1%          3
d - Ignite Poison         Fire/Tmut/Pois 28%        N/A       3%          3
e - Spider Form           Tmut/Pois      23%        N/A       6%          3
f - Frozen Ramparts       Ice            74%        1d9       1%          3
g - Airstrike             Air            35%        N/A       1%          4
h - Ice Form              Ice/Tmut       25%        N/A       16%         4
i - Freezing Cloud        Conj/Ice/Air   29%        6-21      1%          5
j - Maxwell's Capacitive  Air            35%        ∞         38%         8
k - Orb of Destruction    Conj           32%        9d10      12%         7

Your spell library contained the following spells:

 Spells                   Type           Power      Damage    Failure   Level
 Freeze                   Ice            100%       1d11      1%          1
 Magic Dart               Conj           100%       1d8       1%          1
 Searing Ray              Conj           100%       2d8       1%          2
 Swiftness                Air            70%        N/A       1%          3
 Hailstorm                Conj/Ice       53%        3d12      1%          4
 Iskenderun's Battlesphe  Conj           65%        2d11      1%          5
 Lightning Bolt           Conj/Air       33%        1d51      1%          5
 Ensorcelled Hibernation  Hex/Ice        50%        N/A       2%          2
 Fulminant Prism          Conj/Hex       21%        3d13      2%          4
 Passwall                 Tmut/Erth      10%        N/A       8%          2
 Summon Guardian Golem    Hex/Summ       13%        N/A       16%         3
 Summon Ice Beast         Ice/Summ       25%        N/A       16%         4
 Iron Shot                Conj/Erth      21%        9d5       36%         6
 Anguish                  Hex/Necr       6%         N/A       43%         4
 Spellforged Servitor     Conj/Summ      21%        N/A       89%         7


Dungeon Overview and Level Annotations

Branches:
Dungeon (11/15)            Temple (0/1) D:7            Lair (6/6) D:11
 Shoals (1/4) Lair:2        Snake (1/4) Lair:4        Slime (0/5) Lair:6
    Orc (2/2) D:9             Elf (0/3) Orc:2       Ossuary (visited)

Altars:
Ashenzari
Elyvilon
Nemelex Xobeh
Okawaru
Wu Jian
Xom
Zin
Beogh
Jiyva

Shops:
Orc:2 !(?[

Annotations:
D:3 2 runed translucent doors, Longtemps's ghost, amateur OpEE
Lair:5 2 transporters, Gargoyl's ghost, journeyman GrBe
Shoals:1 Aizul
Orc:2 2 runed translucent doors, KateM's ghost, journeyman MiFi


Innate Abilities, Weirdness & Mutations

You are a tree.
Your roots penetrate the ground, keeping you stationary.
You cannot be teleported.
You are immune to unholy pain and torment.
Your maximum health is greatly increased.
Your equipment is partially melded.
((You are amphibious.))
((You cover ground slowly.))
((You can hop long distances.))
You have an extended range of vision and can be seen from far away.


Message History

You escape the anaconda's grasp.
The mana viper barely misses you. You block the anaconda's attack.
The anaconda bites you but does no damage.
The anaconda attacks as you move away! You block the anaconda's attack. x2
The anaconda bites you but does no damage.
The mana viper bites you!
* * * LOW HITPOINT WARNING * * *
You feel your power leaking away. The anaconda attacks as you move away!
The anaconda barely misses you. The anaconda grabs you. The anaconda bites you.
* * * LOW HITPOINT WARNING * * *
The anaconda constricts you.
* * * LOW HITPOINT WARNING * * *
You escape the anaconda's grasp.
The anaconda attacks as you move away! The anaconda bites you!
* * * LOW HITPOINT WARNING * * *
The mana viper attacks as you move away!
You block the mana viper's attack.
There is a staircase back to the Lair, spattered with blood here.
Really quaff the potion of lignification?
You turn into a tree.
Your +0 cloak of willpower melds into your body.
The cursed +1 hat "Thunder Perfect Mind" {Int+3, Fort, Self} melds into your body.
The cursed +0 pair of gloves of the Enlightened Omen {Alch, Bglg} melds into your body.
The cursed +0 pair of boots of the Bound Regret {Fort, Self} melds into your body.
Your +0 troll leather armour melds into your body.
You feel less strong-willed.
You feel stupid.
Your roots penetrate the ground.
The anaconda grabs you. You block the anaconda's attack.
The anaconda constricts you.
* * * LOW HITPOINT WARNING * * *
You block the anaconda's attack. The anaconda constricts you.
You are confused.
You feel invigorated. The mana viper bites you.
* * * LOW HITPOINT WARNING * * *
You feel your power leaking away. The anaconda bites you.
* * * LOW HITPOINT WARNING * * *
The anaconda constricts you. The mana viper bites you!
You die...

...## ##.### ##...##
....## ##..## #.....##
.....##
##..#####..##..##
......##
##..##...####..##
.......## ##.....##
##..## ........##
#....## ##..##
....##...## ##...#
##..## ....###...##
#....## ##..##
.....###...####.♣S..##
##..#
#.....###........S...##
##..
###....##.....)..##...##
#..
##........)[.#####...#
##. ##.........## ##..##
#. # ##........# ##..#
## ## ##......[## #..#
#. .####.)......# #.##
##. .............# #.#
##..


You could see an anaconda and a mana viper.

Vanquished Creatures
  Gastronok (Lair:3)
  Agnes (Snake:1)
  An orc warlord (Orc:1)
  The ghost of generaletaddeo the Frost Mage, a journeyman BaIE of Fedhas (Lair:6)
  Snorg (D:11)
  Josephine (D:10)
  A fire dragon (Lair:6)
  Harold (D:11)
  3 hydras (Lair:6)
  An ice dragon (Lair:6)
  A two-headed ogre (D:10)
  4 naga warriors (Snake:1)
  Urug (Lair:5)
  An orc high priest (Orc:2)
  A swamp dragon (Lair:6)
  2 lindwurms (Lair:6)
  A necromancer (Lair:4)
  A naga ritualist (Snake:1)
  An orc knight (Orc:1)
  2 mana vipers (Snake:1)
  A wolf spider (Lair:6)
  A cyclops (Orc:1)
  6 orc sorcerers
  3 salamanders (Snake:1)
  7 torpor snails
  A guardian serpent (Snake:1)
  Maurice (D:11)
  A merfolk siren (Shoals:1)
  15 elephants
  16 black mambas
  6 cane toads
  11 komodo dragons
  Maggie (D:8)
  2 kobold demonologists
  13 rime drakes
  A queen bee (Lair:2)
  A wolf spider simulacrum (D:11)
  3 trolls
  4 polar bears
  A merfolk (Shoals:1)
  3 tyrant leeches (Lair:6)
  10 hornets (Lair:6)
  8 blink frogs
  7 dream sheep (Lair:6)
  A snapping turtle (Lair:2)
  A shadow (D:10)
  64 yaks
  4 wyverns
  2 vampires
  6 wraiths
  Grum (D:8)
  3 steam dragons
  2 basilisks (Lair:6)
  3 vampire mosquitoes (D:11)
  A death yak simulacrum (Lair:4)
  8 nagas
  4 acid dragons
  14 water moccasins
  A warg (Orc:1)
  26 orc warriors
  3 elephant zombies (Lair:4)
  3 black bears
  2 ice beasts
  6 ogres
  16 wolves
  11 centaurs
  A phantom (D:5)
  A komodo dragon zombie (Lair:4)
  2 kobold brigands
  11 bullfrogs
  A gnoll sergeant (D:11)
  13 scorpions
  14 wights
  36 killer bees
  7 howler monkeys
  10 electric eels
  A crimson imp (D:7)
  A centaur zombie (Ossuary)
  A basilisk zombie (Lair:4)
  8 hounds
  3 jellies
  3 human zombies (Ossuary)
  2 gnoll shamans (D:6)
  17 orc priests
  4 scorpion zombies (Ossuary)
  8 iguanas
  30 orc wizards
  A polar bear simulacrum (Lair:4)
  3 mummies (Ossuary)
  21 gnolls
  6 adders
  4 white imps
  3 worms
  2 dart slugs
  66 orcs
  11 ball pythons
  9 endoplasms
  3 giant cockroaches
  2 gnoll zombies (Ossuary)
  9 hobgoblins
  2 jackals (D:2)
  15 kobolds
  4 quokkas
  4 bats
  2 frilled lizards
  5 goblins
  7 goblin zombies (Ossuary)
  A hobgoblin zombie (Ossuary)
  4 kobold zombies (Ossuary)
  An orc zombie (Ossuary)
  5 rats
696 creatures vanquished.

Vanquished Creatures (others)
  43 fungi
  108 plants
151 creatures vanquished.

Grand Total: 847 creatures vanquished

Notes
Turn   | Place    | Note
-------+----------+-------------------------------------------
     0 | D:1      | Bruhh the Barachi Air Elementalist began the quest for the
                  | Orb.
     0 | D:1      | Reached XP level 1. HP: 13/13 MP: 3/3
     5 | D:1      | Noticed a barachi
     6 | D:1      | Noticed a barachi
    13 | D:1      | Noticed a spriggan
    17 | D:1      | Noticed a ghoul
   196 | D:1      | Reached XP level 2. HP: 19/19 MP: 0/5
   718 | D:1      | Found a faded altar of an unknown god.
   720 | D:1      | Noticed a great orb of eyes
   721 | D:1      | Noticed a shining eye
   724 | D:1      | Noticed a shining eye
   767 | D:1      | Noticed a great orb of eyes
  1195 | D:1      | Reached XP level 3. HP: 2/24 MP: 0/7
  1706 | D:1      | Learned a level 2 spell: Static Discharge
  2601 | D:2      | Reached XP level 4. HP: 17/30 MP: 0/9
  3628 | D:2      | Reached XP level 5. HP: 28/35 MP: 5/10
  4393 | D:3      | Noticed an ice beast
  4774 | D:3      | Learned a level 3 spell: Mephitic Cloud
  4778 | D:3      | Learned a level 3 spell: Ignite Poison
  5037 | D:3      | Found a broken altar of Ashenzari.
  5054 | D:3      | Found a large runed translucent door.
  5054 | D:3      | Found a large runed translucent door.
  5056 | D:3      | Noticed Longtemps's ghost (amateur OpEE)
  5142 | D:3      | Identified the +0 helmet of Temperance {Rampage Will+ Int-4
                  | Dex+3}
  5153 | D:3      | Became a worshipper of Ashenzari the Shackled
  5180 | D:3      | Identified the +3 hunting sling of Gongaish {freeze, rElec
                  | Int-3 Dex+4}
  5651 | D:3      | Found a glowing silver altar of Zin.
  5723 | D:3      | Killed an ice beast
  5724 | D:3      | Reached skill level 1 in Fire Magic
  5724 | D:3      | Reached XP level 6. HP: 41/41 MP: 12/12
  6079 | D:4      | Reached skill level 1 in Poison Magic
  6311 | D:4      | Found a white marble altar of Elyvilon.
  6320 | D:4      | Found an ornate altar of the Wu Jian Council.
  7023 | D:5      | Entered Level 5 of the Dungeon
  7082 | D:5      | Noticed a black bear
  7086 | D:5      | Killed a black bear
  7087 | D:5      | Reached skill level 5 in Spellcasting
  7087 | D:5      | Reached skill level 5 in Conjurations
  7087 | D:5      | Reached XP level 7. HP: 46/46 MP: 7/14
  7144 | D:5      | Found a sand-covered staircase.
  7257 | Ossuary  | Entered an ossuary
  7782 | Ossuary  | Learned a level 3 spell: Spider Form
  8013 | Ossuary  | Identified the cursed +0 robe "Seer of Ashenzari" {Range,
                  | Elem}
  8400 | Ossuary  | Reached XP level 8. HP: 52/52 MP: 11/15
  8621 | Ossuary  | Reached skill level 5 in Poison Magic
  8652 | Ossuary  | HP: 1/52 [scorpion zombie (5)]
  9154 | Ossuary  | Identified a scroll of acquirement
  9160 | Ossuary  | Acquired a staff of air
  9208 | D:5      | Learned a level 3 spell: Frozen Ramparts
  9474 | D:5      | Reached skill level 1 in Ice Magic
  9518 | D:5      | Found a sparkling altar of Nemelex Xobeh.
  9520 | D:5      | Found a shimmering altar of Xom.
  9752 | D:5      | Reached XP level 9. HP: 57/57 MP: 14/20
  9984 | D:6      | Learned a level 4 spell: Airstrike
 10452 | D:6      | Reached skill level 4 in Air Magic
 10887 | D:6      | Reached skill level 5 in Air Magic
 11475 | D:7      | Reached skill level 1 in Fighting
 11782 | D:7      | Found a staircase to the Ecumenical Temple.
 11922 | D:7      | Reached skill level 5 in Fighting
 12589 | D:8      | Noticed Grum
 12590 | D:8      | Reached XP level 10. HP: 76/76 MP: 13/22
 12770 | D:8      | Noticed Maggie
 12823 | D:7      | Reached * piety under Ashenzari
 13867 | D:8      | Killed Grum
 14359 | D:8      | Killed Maggie
 14499 | D:8      | Learned a level 4 spell: Ice Form
 15072 | D:8      | Reached skill level 10 in Fighting
 15965 | D:9      | Identified the cursed +0 pair of gloves of the Enlightened
                  | Omen {Alch, Bglg} (You found it on level 5 of the Dungeon)
 16395 | D:9      | Noticed a kobold demonologist
 17056 | D:9      | Killed a kobold demonologist
 17073 | D:9      | Reached XP level 11. HP: 71/90 MP: 11/23
 17334 | D:9      | Found a staircase to the Orcish Mines.
 17441 | D:10     | Entered Level 10 of the Dungeon
 17468 | D:10     | Reached skill level 10 in Conjurations
 17943 | Orc:1    | Entered Level 1 of the Orcish Mines
 17943 | Orc:1    | Noticed an orc sorcerer
 18033 | D:10     | Noticed Josephine
 18039 | D:10     | Killed Josephine
 19657 | D:10     | Noticed a two-headed ogre
 19674 | D:10     | Killed a two-headed ogre
 19703 | D:10     | Reached skill level 10 in Spellcasting
 20423 | D:11     | Reached XP level 12. HP: 82/97 MP: 18/26
 20444 | D:11     | Learned a level 5 spell: Freezing Cloud
 20908 | D:11     | Found an iron altar of Okawaru.
 20990 | D:11     | Noticed Snorg
 20997 | D:11     | Killed Snorg
 22071 | D:11     | Found a staircase to the Lair.
 22179 | D:11     | Noticed Maurice
 22189 | D:11     | Killed Maurice
 23262 | D:11     | Noticed Harold
 23269 | D:11     | Killed Harold
 23270 | D:11     | Reached skill level 1 in Evocations
 23462 | Lair:1   | Entered Level 1 of the Lair of Beasts
 23471 | Lair:1   | Reached skill level 6 in Air Magic
 23600 | Lair:1   | Reached skill level 7 in Air Magic
 23833 | Lair:1   | HP: 4/116 [yak (13)]
 23838 | Lair:1   | HP: 5/116 [yak (13)]
 24080 | Lair:1   | Reached skill level 8 in Air Magic
 24266 | Lair:1   | Reached ** piety under Ashenzari
 24367 | Lair:1   | Reached skill level 9 in Air Magic
 24404 | Lair:1   | Identified the cursed +0 pair of boots of the Bound Regret
                  | {Fort, Self} (You found it on level 10 of the Dungeon)
 24939 | Lair:2   | Found a staircase to the Shoals.
 24942 | Lair:2   | Gained mutation: You can hop long distances. [Barachi
                  | growth]
 24942 | Lair:2   | Reached XP level 13. HP: 99/106 MP: 20/29
 25187 | Lair:2   | Reached skill level 10 in Air Magic
 25505 | Lair:2   | Reached skill level 11 in Air Magic
 26763 | Lair:2   | Reached skill level 12 in Air Magic
 27135 | Lair:3   | Learned a level 8 spell: Maxwell's Capacitive Coupling
 27181 | Lair:3   | Identified the +4 rapier of Armageddon {vorpal, Str+5}
 27282 | Lair:3   | Noticed Gastronok
 28105 | Lair:3   | Killed Gastronok
 28487 | Lair:3   | Reached skill level 13 in Air Magic
 29185 | Lair:4   | Found the +4 skin of Zhor {*Englaciate rC+++ SInv}
 29613 | Lair:4   | Found a staircase to the Snake Pit.
 30196 | Lair:4   | Reached skill level 14 in Air Magic
 31371 | Lair:5   | Found a transporter.
 31375 | Lair:5   | Noticed Gargoyl's ghost (journeyman GrBe)
 31615 | Lair:5   | Found a transporter.
 31852 | Lair:5   | Reached skill level 15 in Air Magic
 32099 | Lair:5   | Noticed Urug
 32104 | Lair:5   | Killed Urug
 32105 | Lair:5   | Reached XP level 14. HP: 65/113 MP: 21/30
 32453 | Lair:6   | Entered Level 6 of the Lair of Beasts
 32459 | Lair:6   | Reached skill level 1 in Armour
 32471 | Lair:5   | Reached *** piety under Ashenzari
 33643 | Lair:5   | Reached skill level 5 in Armour
 34559 | Lair:6   | Reached **** piety under Ashenzari
 34928 | Lair:6   | Reached skill level 1 in Shields
 34976 | Lair:5   | Identified the cursed +1 hat "Thunder Perfect Mind" {Int+3,
                  | Fort, Self} (You took it off Gastronok on level 3 of the
                  | Lair of Beasts)
 36440 | Lair:6   | Found a viscous altar of Jiyva.
 36440 | Lair:6   | Found a staircase to the Slime Pits.
 36469 | Lair:6   | Noticed generaletaddeo's ghost (journeyman BaIE)
 36484 | Lair:6   | Found a runed translucent door.
 37277 | Lair:6   | Acquired 816 gold pieces
 37327 | Lair:6   | Identified the ring of Ihoivyz {rPois rF- rC++ MP+9 Str-3}
 37331 | Lair:6   | Found a runed translucent gate.
 37331 | Lair:6   | Found a runed translucent gate.
 37331 | Lair:6   | Found a runed translucent gate.
 38555 | Lair:6   | Killed generaletaddeo's ghost
 38960 | Lair:6   | Reached XP level 15. HP: 129/129 MP: 25/32
 40489 | Orc:2    | Entered Level 2 of the Orcish Mines
 41380 | Orc:2    | Noticed an orc warlord
 41580 | Orc:2    | Found a staircase to the Elven Halls.
 41596 | Orc:1    | HP: 4/147 [orc warrior/+0 scimitar (15)]
 41608 | Orc:1    | HP: 1/147 [orc warrior/+0 scimitar (20)]
 41922 | Orc:1    | Killed an orc warlord
 43399 | Orc:2    | Found a large runed translucent door.
 43399 | Orc:2    | Found a large runed translucent door.
 43400 | Orc:2    | Noticed KateM's ghost (journeyman MiFi)
 43480 | Orc:2    | Found Vumiu's Magic Scroll Shop.
 43480 | Orc:2    | Found Tefeen's Armour Shop.
 43480 | Orc:2    | Found Wipp's Weapon Boutique.
 43485 | Orc:2    | Found Poudia's Distillery.
 43488 | Orc:2    | Bought a scroll of acquirement for 676 gold pieces
 43489 | Orc:2    | Acquired a +0 cloak of willpower
 43628 | Orc:2    | Bought the +9 falchion "Worm" {vorpal, rF++ Will+ Str+4}
                  | for 968 gold pieces
 44095 | Lair:6   | Reached skill level 1 in Long Blades
 44268 | Shoals:1 | Entered Level 1 of the Shoals
 44293 | Shoals:1 | Noticed Aizul
 44523 | Snake:1  | Entered Level 1 of the Snake Pit
 44547 | Snake:1  | Learned a level 7 spell: Orb of Destruction
 44658 | Snake:1  | Noticed Agnes
 44668 | Snake:1  | Killed Agnes
 44669 | Snake:1  | Reached skill level 5 in Shields
 46151 | Snake:1  | Reached skill level 5 in Long Blades
 46199 | Snake:1  | Slain by a mana viper

Illustrated notes

Levels and vault maps discovered:
D:1:      shiori_arrival_whats_in_store_for_you, layout_rooms,
          hellmonk_ecumenical_altar_watching_god
D:2:      minmay_thinvault, layout_basic
D:3:      layout_rooms, zin_academy, mainiacjoe_overflow_24_doors,
          ebering_ghost_disaster_area, grunt_ministairs_5,
          minmay_shallow_snake_nest
D:4:      layout_cave_pods, amethyst_overflow_temple_binary
D:5:      layout_loops_ring, nicolae_overflow_hidden_temple,
          chequers_ossuary_entry_cave
D:6:      layout_rooms, minmay_misc_feat_enclosed
D:7:      layout_basic, temple_fountains, chequers_serial_rivers_small_b,
          minmay_fire_ice_demons
D:8:      layout_layer_cave, uniq_maggie, uniq_grum
D:9:      layout_loops_ring, david_orc_4, serial_park_tiny_1
D:10:     layout_basic, minmay_joined_circles, uniq_josephine
D:11:     layout_loops_ring, erik_lair_island, okawaru_gym_becter, uniq_harold,
          uniq_maurice, uniq_snorg
Lair:1:   layout_regular_city, nicolae_volcano_entry_s_turn
Lair:2:   layout_roguey [special_room_bee], minmay_shoals_entry_hut,
          serial_bayou_shore_a
Lair:3:   statuecave_lemuel, layout_layer_cave, grunt_forest_small_clearings,
          uniq_gastronok
Lair:4:   pond_and_an_island_with_a_cottage, layout_gridlike,
          minmay_snake_entry_guardpost_large,
          portal_ice_cave_entry_ice_simulacra, hellmonk_guarded_unrand_zhor
Lair:5:   layout_loops_ring, gammafunk_ghost_hive, uniq_urug
Lair:6:   wormcave, layout_layer_cave, guppyfry_lair_end_dragon,
          dpeg_slime_entry_enclosed_altar, gammafunk_ghost_split
Shoals:1: layout_shoals, uniq_aizul
Snake:1:  layout_layer_cave, grunt_ministairs_2, nicolae_snake_lava_pool,
          grunt_megastairs_3, uniq_agnes
Orc:1:    layout_diamond_mine, basic_altar, uniq_nergalle
Orc:2:    st_orc_mages, layout_diamond_mine, ebering_ghost_disaster_area

Skill      XL: |  1  2  3  4  5  6  7  8  9 10 11 12 13 14 15 |
---------------+----------------------------------------------+-----
Conjurations   | 2 3 4 5 6 8 11 13 | 13.2
Spellcasting   | 3 4 5 7 8 10 11 12 | 12.6
Fire Magic     | 1 4 |  4.6
Poison Magic   | 2 4 5 |  5.0
Ice Magic      | 2 4 |  4.5
Air Magic      | 5 9 15 | 15.2
Fighting       | 5 10 13 | 13.1
Evocations     | 1 |  1.6
Armour         | 8 |  8.0
Shields        | 4 6 |  6.4
Long Blades    | 5 |  5.0
Dodging        | |  2.1
Stealth        | |  1.7

Action                   |  1- 3 |  4- 6 |  7- 9 | 10-12 | 13-15 || total
-------------------------+-------+-------+-------+-------+-------++-------
Melee: Unarmed           |     5 |       |   191 |   187 |   129 ||   512
       Whip              |    10 |       |       |       |       ||    10
       Halberd           |       |    49 |       |       |       ||    49
       Long sword        |       |    30 |    62 |       |       ||    92
       Staff             |       |       |    26 |    70 |    95 ||   191
       Punch             |       |       |     1 |     2 |     2 ||     5
       Falchion          |       |       |       |       |    32 ||    32
 Cast: Shock             |    37 |    21 |       |     1 |       ||    59
       Static Discharge  |    11 |    49 |    28 |     9 |    44 ||   141
       Mephitic Cloud    |       |     1 |     9 |     6 |     2 ||    18
       Ignite Poison     |       |     1 |     6 |     5 |     6 ||    18
       Spider Form       |       |       |    13 |     2 |     8 ||    23
       Airstrike         |       |       |    34 |   208 |   379 ||   621
       Frozen Ramparts   |       |       |     3 |    22 |    30 ||    55
       Ice Form          |       |       |       |    12 |     7 ||    19
       Freezing Cloud    |       |       |       |    11 |    32 ||    43
       Maxwell's Capacit |       |       |       |       |     9 ||     9
       Orb of Destructio |       |       |       |       |    32 ||    32
Invok: Curse Item        |       |     1 |       |     2 |     3 ||     6
       Shatter the Chain |       |       |       |       |     2 ||     2
 Abil: Hop               |     2 |       |       |     4 |    13 ||    19
       End Transformatio |       |       |       |       |     1 ||     1
Evoke: Wand              |       |     1 |       |     1 |       ||     2
  Use: Scroll            |     4 |     2 |     8 |     3 |    10 ||    27
       Potion            |       |     2 |     4 |     6 |    14 ||    26
 Stab: Sleeping          |       |     4 |     1 |       |       ||     5
       Distracted        |       |       |     1 |       |       ||     1
Armor: Robe              |     8 |    26 |    13 |    19 |    67 ||   133
       Skin              |       |       |    15 |   105 |    46 ||   166
       Troll leather arm |       |       |       |       |    94 ||    94
Dodge: Dodged            |    18 |    97 |   257 |   389 |   539 ||  1300
Block: Kite shield       |       |       |       |       |    75 ||    75

Table legend: (Time is in decaauts)
 A = Elapsed time spent in this place.
 B = Non-inter-level travel time spent in this place.
 C = Inter-level travel time spent in this place.
 D = Time resting spent in this place.
 E = Time spent auto-exploring this place.
 F = Levels seen in this place.
 G = Mean time per level.
                   A        B        C        D        E       F      G
               +--------+--------+--------+--------+--------+-----+--------+
         Total |  49438 |  47186 |   2252 |  16357 |  24551 |  22 | 2247.2 |
       Dungeon |  24229 |  22721 |   1508 |   6818 |  13034 |  11 | 2202.6 |
          Lair |  17482 |  16824 |    658 |   6081 |   8548 |   6 | 2913.7 |
        Shoals |     42 |     42 |      0 |      0 |      0 |   1 |   42.0 |
     Snake Pit |   1347 |   1347 |      0 |    404 |    725 |   1 | 1347.0 |
  Orcish Mines |   4328 |   4244 |     84 |   2381 |   1348 |   2 | 2164.0 |
       Ossuary |   2008 |   2008 |      0 |    673 |    894 |   1 | 2008.0 |
               +--------+--------+--------+--------+--------+-----+--------+

Top non-repeatable levels by time:
  Lair:6: 4454 daAuts
  Lair:5: 3828 daAuts
   Orc:1: 3527 daAuts
     D:9: 3428 daAuts
     D:2: 2911 daAuts
    D:11: 2805 daAuts
    D:10: 2802 daAuts
     D:7: 2673 daAuts
  Lair:4: 2612 daAuts
  Lair:2: 2607 daAuts
  Lair:3: 2294 daAuts
     D:8: 2047 daAuts
     D:1: 2042 daAuts
 Ossuary: 2008 daAuts
  Lair:1: 1684 daAuts
